 Dungeon Crawl Stone Soup version 0.18.1-48-g4cf74bf (webtiles) character file.

1712 MistressOfTheDunes the Insei (level 8, -15/62 HPs)
             Began as a Mummy Monk on July 20, 2016.
             Demolished by a yak (16 damage)
             ... on level 5 of the Dungeon.
             The game lasted 00:17:53 (10813 turns).

MistressOfTheDunes the Insei (Mummy Monk)          Turns: 10813, Time: 00:17:54

Health: -15/62     AC:  3    Str: 15    XL:     8   Next: 74%
Magic:  8/8        EV: 19    Int:  9    God:
Gold:   394        SH:  0    Dex: 16    Spells: 0 memorised, 7 levels left

rFire  x . .     SeeInvis .       - Unarmed
rCold  + . .     Gourm    .     (no armour)
rNeg   + + +     Faith    .     (no shield)
rPois  ∞         Spirit   .     (no helmet)
rElec  .         Dismiss  .     (no cloak)
rCorr  .         Reflect  .     (no gloves)
SustAt .         Harm     .     a - +2 pair of boots
MR     +....                    (no amulet)
Stlth  ++........               h - +3 ring of evasion
                                (no ring)

@: somewhat resistant to hostile enchantments, unstealthy
A: no food or potions, fire vulnerability, cold resistance 1, negative energy
resistance 3, torment resistance, unbreathing
a: no special abilities


You were on level 5 of the Dungeon.
You were not hungry.

You visited 2 branches of the dungeon, and saw 7 of its levels.

You collected 394 gold pieces.


Innate Abilities, Weirdness & Mutations

You do not eat or drink.
Your flesh is vulnerable to fire.
You are immune to poison.
Your flesh is cold resistant.
You are immune to negative energy.
You are immune to unholy pain and torment.
You can survive without breathing.


   Skills:
 - Level 5.3 Fighting
 + Level 6.3 Dodging
 - Level 1.5 Stealth
 - Level 7.1 Unarmed Combat


You had 7 spell levels left.
You didn't know any spells.

Inventory:

Armour
 a - a +2 pair of boots (worn)
Jewellery
 h - a +3 ring of evasion (right hand)
 j - an uncursed amulet of rage {unknown}
Scrolls
 b - 3 scrolls of noise {unknown}
 c - 2 scrolls of remove curse
 d - 2 scrolls of fear {unknown}
 e - 2 scrolls of identify {@r1}
 f - 3 scrolls of teleportation {@r4}
 g - a scroll of enchant weapon {unknown}
 i - a scroll of random uselessness
 k - 2 scrolls of enchant armour
 l - a scroll of fog {unknown}

Dungeon Overview and Level Annotations

Branches:
Dungeon (6/15)             Temple (1/1) D:5

Altars:
Ashenzari
Dithmenos
Fedhas
Gozag
Okawaru
Pakellas
Ru
Sif Muna
Vehumet
Xom
Zin
The Shining One

Annotations:
D:2 Sigmund
D:3 Natasha
D:4 Pikel; TBriggs11TB's ghost, novice DDBe
D:5 exclusion: water moccasin
D:6 exclusion: centaur
Temple War

▒▒▒.▒▒
▒...........▒......▒▒▒▒
▒.▒▒▒▒▒▒▒..▒▒▒▒▒▒▒▒▒...▒▒▒▒
▒...........▒ ▒...▒
▒▒▒▒▒▒▒▒.▒▒)▒ ▒▒▒▒▒
▒▒.▒▒.▒▒▒▒ ▒▒▒▒▒▒▒▒
▒▒..▒▒....▒▒▒▒......▒
▒▒▒..▒▒▒▒▒▒.......:...▒
▒▒.>.▒▒▒▒▒▒▒..........:▒▒
▒..[.......M............▒
▒▒▒▒▒▒▒▒▒..Y.....▒▒▒....▒
▒.▒▒▒▒▒▒▒▒▒▒.)▒▒▒
▒▒.▒▒..(.........▒
▒▒.....▒▒▒▒▒▒▒▒...▒
▒▒▒▒...▒▒▒▒ ▒▒..▒ ▒▒.....▒▒
▒..▒ ▒▒▒▒..▒..!▒ ▒..▒
▒.......▒▒▒ ▒..▒


You could see a yak.


Message History

You barely miss the yak!
The yak is severely wounded!
The yak closely misses you!
You pulverise the yak but do no damage!
The yak is severely wounded!
The yak closely misses you!
You barely miss the yak!
The yak is severely wounded!
The yak completely misses you!
You pummel the yak like a punching bag!
The yak is severely wounded!
The yak completely misses you!
You squash the yak but do no damage!
The yak is severely wounded!
You pummel the yak like a punching bag!
The yak is almost dead!
The yak gores you!!! * * * don't die
* * * You pummel the yak but do no damage!
The yak is almost dead!
The yak gores you!!! * * * don't die
* * * You squash the yak but do no damage!
The yak is almost dead!
The yak gores you! * * * don't die
* * * You squash the yak like an ant!
Your punch misses the yak!
The yak is almost dead!
The yak gores you!!! rip

Action                   |  1- 3 |  4- 6 |  7- 9 || total
-------------------------+-------+-------+-------++-------
Melee: Unarmed           |   126 |   266 |   366 ||   758
       Punch             |     2 |     6 |     6 ||    14
  Use: Scroll            |     1 |       |     3 ||     4
 Stab: Sleeping          |     5 |     3 |     2 ||    10
Armor: Skin              |    18 |    30 |    26 ||    74
Dodge: Dodged            |    70 |   182 |   234 ||   486

Vault maps used:
D:1:      dpeg_arrival_three_smaller_balls
D:2:      st_stairs_1, grunt_decor_one_mirror, uniq_sigmund, uniq_terence,
          uniq_jessica
D:3:      old_standard_altar, lemuel_crystal_altar, first_bread, uniq_natasha
D:4:      nicolae_overflow_crystal_walls, marbit_many_paths, fedhas_altar_3,
          kennysheep_mini_moat, uniq_pikel
D:5:      minitemple, minmay_temple_entry_glass
D:6:      gammafunk_pakellas_spire_experiment, minmay_gold_behind_fungi,
          fountainhead
Temple:   circular_temple_6

Notes
Turn   | Place    | Note
--------------------------------------------------------------
     0 | D:1      | MistressOfTheDunes the Mummy Monk began the quest for the Orb.
     0 | D:1      | Reached XP level 1. HP: 18/18 MP: 1/1
   145 | D:1      | Reached XP level 2. HP: 16/24 MP: 2/2
   270 | D:1      | HP: 2/24 [hobgoblin/club (3)]
   622 | D:1      | eys
   858 | D:1      | Reached skill level 4 in Unarmed Combat
  1304 | D:1      | Reached XP level 3. HP: 29/29 MP: 3/3
  1450 | D:2      | Noticed Sigmund
  1964 | D:3      | Found a glowing silver altar of Zin.
  1992 | D:3      | Reached XP level 4. HP: 35/35 MP: 4/4
  2208 | D:2      | Noticed Terence
  2217 | D:3      | Found an iron altar of Okawaru.
  2520 | D:3      | Noticed Natasha
  3109 | D:2      | Noticed Jessica
  3116 | D:2      | Killed Jessica
  3116 | D:2      | Reached skill level 5 in Unarmed Combat
  3309 | D:2      | Killed Terence
  3309 | D:2      | Reached XP level 5. HP: 13/41 MP: 5/5
  3861 | D:4      | Found an opulent altar of Gozag.
  3948 | D:4      | Found a blossoming altar of Fedhas.
  3968 | D:4      | Found a shadowy altar of Dithmenos.
  3994 | D:4      | Reached skill level 3 in Dodging
  4315 | D:4      | Noticed TBriggs11TB's ghost (novice DDBe)
  4364 | D:4      | HP: 3/41 [TBriggs11TB's ghost (17)]
  4821 | D:4      | Found a glowing golden altar of the Shining One.
  4838 | D:4      | Noticed a slave
  4839 | D:4      | Noticed Pikel
  4840 | D:4      | Noticed a slave
  4840 | D:4      | Noticed a slave
  4840 | D:4      | Noticed a slave
  4863 | D:3      | Killed a slave
  5064 | D:4      | HP: 3/41 [TBriggs11TB's ghost (15)]
  5646 | D:3      | Reached XP level 6. HP: 38/47 MP: 6/6
  6093 | D:4      | Noticed an ice beast
  6160 | D:1      | Killed an ice beast
  6160 | D:1      | Reached skill level 4 in Dodging
  6400 | D:5      | Entered Level 5 of the Dungeon
  6521 | D:5      | Noticed a water moccasin
  6837 | D:5      | Found a staircase to the Ecumenical Temple.
  6843 | D:5      | Noticed a sky beast
  6865 | D:5      | Reached XP level 7. HP: 39/52 MP: 7/7
  7026 | D:3      | Reached skill level 6 in Unarmed Combat
  7610 | D:4      | Reached skill level 5 in Dodging
  8114 | D:6      | Reached skill level 6 in Dodging
  8158 | D:6      | Reached XP level 8. HP: 28/60 MP: 8/8
  8337 | D:6      | Reached skill level 4 in Fighting
  8402 | D:6      | Found an oddly glowing altar of Pakellas.
  8403 | D:6      | Noticed a tengu reaver
  8413 | D:6      | Killed a tengu reaver
  8657 | D:6      | Reached skill level 5 in Fighting
  9646 | D:6      | Reached skill level 7 in Unarmed Combat
 10125 | Temple   | Entered the Ecumenical Temple
 10811 | D:5      | HP: 6/62 [yak (14)]
 10812 | D:5      | HP: 1/62 [yak (6)]
 10813 | D:5      | Demolished by a yak

Vanquished Creatures
  2 sky beasts
  A slave (D:3)
  2 ice beasts
  An ogre (D:3)
  2 phantoms
  A giant frog (D:5)
  2 scorpions
  5 wights (D:6)
  2 howler monkeys
  A crimson imp (D:6)
  3 orc priests (D:6)
  A hound (D:5)
  Jessica (D:2)
  Terence (D:2)
  A giant frog skeleton (D:4)
  An orc wizard (D:6)
  5 worker ants
  A hound zombie (D:6)
  10 gnolls
  8 adders
  A shadow imp (D:5)
  An ooze (D:1)
  3 dart slugs
  3 giant geckos
  11 orcs
  10 bats
  4 giant cockroaches
  7 goblins
  4 hobgoblins
  5 jackals
  A quokka (D:3)
  A giant cockroach zombie (D:5)
  2 giant newts
  7 kobolds
  8 rats
119 creatures vanquished.

Vanquished Creatures (others)
  A tengu reaver (D:6)
  A bush (D:6)
  5 fungi (D:6)
7 creatures vanquished.

Grand Total: 126 creatures vanquished
